 Dungeon Crawl Stone Soup version 0.26-a0-663-g36e8fdb (webtiles) character file.

Game seed: 12576636880846978931

190 Mopster the Chopper (level 5, -5/47 HPs)
             Began as a Minotaur Berserker on Oct 11, 2020.
             Was a Priest of Trog.
             Killed by divine providence
             ... invoked by an orc priest
              (10 damage)
             ... on level 4 of the Dungeon.
             The game lasted 00:45:00 (2447 turns).

Mopster the Chopper (Minotaur Berserker)            Turns: 2447, Time: 00:45:00

Health: -5/47      AC: 10    Str: 22    XL:     5   Next: 41%
Magic:  4/4        EV:  9    Int:  4    God:    Trog [***...]
Gold:   147        SH:  0    Dex: 10    Spells: 4/4 levels left

rFire    . . .     SeeInvis +   k - +0 war axe
rCold    . . .     Faith    .   (no shield)
rNeg     . . .     Spirit   .   m - +1 chain mail
rPois    .         Reflect  .   f - +0 hat
rElec    .         Harm     .   (no cloak)
rCorr    .         Rampage  .   (no gloves)
MR       .....                  (no boots)
Stlth    ..........             (no amulet)
HPRegen  0.15/turn              e - ring of stealth
MPRegen  0.09/turn              s - ring of see invisible

@: no status effects
A: retaliatory headbutt, horns 2
a: Berserk, Trog's Hand, Renounce Religion


You were on level 4 of the Dungeon.
You worshipped Trog.
Trog was most pleased with you.
You visited 1 branch of the dungeon, and saw 4 of its levels.
You also visited: Sewer.

You collected 147 gold pieces.

Inventory:

Hand Weapons
 a - a +2 hand axe
 j - a +2 vorpal mace
 k - a +0 war axe (weapon)
Missiles
 h - 3 curare-tipped darts (quivered)
 p - 18 bolts
Armour
 f - a +0 hat (worn)
 m - a +1 chain mail (worn)
Jewellery
 e - a ring of stealth (left hand)
 s - a ring of see invisible (right hand)
Scrolls
 g - a scroll of enchant weapon
 i - 5 scrolls of teleportation
 l - a scroll of fear
 n - 6 scrolls of identify
 t - a scroll of remove curse
 u - a scroll of enchant armour
Potions
 b - a potion of degeneration {unknown}
 c - a potion of heal wounds {unknown}
 d - a potion of cancellation {unknown}
 o - a potion of berserk rage {unknown}
 q - a potion of mutation {unknown}
 r - a potion of haste {unknown}


   Skills:
 * Level 4.6 Fighting
 + Level 5.3 Axes
 * Level 4.1 Armour
 * Level 3.1 Dodging
 + Level 0.2 Stealth


You had 4 spell levels left.
You didn't know any spells.
Your spell library was empty.

Dungeon Overview and Level Annotations

Branches:
Dungeon (4/15)              Sewer (visited)
 Temple: D:4-7

Altars:
Dithmenos
Vehumet
Wu Jian
Yredelemnul


Innate Abilities, Weirdness & Mutations

You reflexively headbutt those who attack you in melee.
You have a pair of horns on your head.


Message History

You hit the orc but do no damage.
The orc priest mumbles some strange prayers to Beogh against you.
Beogh smites you!
You hit the orc priest. You headbutt the orc priest.
The orc priest is heavily wounded.
You slash the orc!
You kill the orc!
Trog accepts your kill.
The orc priest mumbles some strange prayers to Beogh against you.
Beogh smites you!
You barely miss the orc wizard. Your headbutt misses the orc wizard.
The orc priest calls down the wrath of Beogh upon you.
Pain shoots through your body!
* * * LOW HITPOINT WARNING * * *
The orc wizard casts a spell at you. The magic dart hits you.
* * * LOW HITPOINT WARNING * * *
The orc priest calls down the wrath of Beogh upon you.
Beogh smites you!
You die...

#.# ##... .# ##...#
.###.
##..#.#####.... #.
#.........# #.
#........#
#.##...)..#.#
#####.#o...<).#.####
#...ooo@............
#...oo##............
#...o# #......######
#.... #......# #...
#......# #...
#......# #..
######## #..


You could see 2 orc priests, an orc wizard (fast, invisible) and 4 orcs.

Vanquished Creatures
  An orc wizard (D:4)
  Robin (D:2)
  2 adders
  A river rat (D:3)
  5 oozes
  8 worms
  3 leopard geckos
  9 orcs
  6 giant cockroaches
  2 hobgoblins (D:2)
  3 ball pythons (D:3)
  12 bats
  6 frilled lizards
  9 goblins
  6 kobolds
  4 rats
78 creatures vanquished.

Vanquished Creatures (others)
  6 toadstools (D:2)
6 creatures vanquished.

Grand Total: 84 creatures vanquished

Notes
Turn   | Place    | Note
-------+----------+-------------------------------------------
     0 | D:1      | Mopster the Minotaur Berserker began the quest for the Orb.
     0 | D:1      | Reached XP level 1. HP: 19/19 MP: 0/0
   309 | D:1      | Reached XP level 2. HP: 27/27 MP: 1/1
   755 | D:2      | Found a radiant altar of Vehumet.
  1107 | D:2      | Found a faded altar of an unknown god.
  1151 | D:2      | Found a basalt altar of Yredelemnul.
  1191 | D:2      | Reached XP level 3. HP: 21/33 MP: 2/2
  1222 | D:2      | Reached skill level 4 in Axes
  1236 | D:2      | Found an ornate altar of the Wu Jian Council.
  1280 | D:2      | Noticed Robin
  1287 | D:2      | Reached ** piety under Trog
  1293 | D:2      | Killed Robin
  1603 | D:3      | Reached XP level 4. HP: 41/41 MP: 3/3
  1670 | D:3      | Found a glowing drain.
  1683 | Sewer    | Entered a sewer
  2276 | D:3      | Reached XP level 5. HP: 47/47 MP: 4/4
  2306 | D:3      | Found a shadowy altar of Dithmenos.
  2311 | D:3      | Reached skill level 5 in Axes
  2331 | D:3      | Reached *** piety under Trog
  2447 | D:4      | Killed from afar by an orc priest

Illustrated notes

Levels and vault maps discovered:
D:1:      dpeg_arrival_refuge, layout_basic, minivault_25
D:2:      cheibrodos_fertilizer, layout_loops_ring,
          nicolae_overflow_crystal_walls, yredelemnul_altar_generic,
          fiery_altar_vehumet, chequers_ecumenical_altar_simple, uniq_robin
D:3:      layout_rooms, grunt_dithmenos_smoke, portal_sewer_entry_a
D:4:      layout_rooms, overflow_temple_1_default

Skill      XL: |  1  2  3  4  5 |
---------------+----------------+-----
Fighting       | 4 |  4.6
Armour         | 3 4 |  4.1
Axes           | 4 5 |  5.3
Dodging        | 3 |  3.1
Stealth        | |  0.2

Action                   |  1- 3 |  4- 6 || total
-------------------------+-------+-------++-------
Melee: Hand axe          |    30 |       ||    30
       Headbutt          |     7 |    14 ||    21
       War axe           |    40 |    81 ||   121
Invok: Berserk           |       |     1 ||     1
  Use: Scroll            |     4 |    10 ||    14
 Stab: Sleeping          |     1 |       ||     1
Armor: Ring mail         |    22 |    13 ||    35
       Chain mail        |       |    37 ||    37
Dodge: Dodged            |    45 |    62 ||   107

Table legend: (Time is in decaauts)
 A = Elapsed time spent in this place.
 B = Non-inter-level travel time spent in this place.
 C = Inter-level travel time spent in this place.
 D = Time resting spent in this place.
 E = Time spent auto-exploring this place.
 F = Levels seen in this place.
 G = Mean time per level.
                   A        B        C        D        E       F      G
               +--------+--------+--------+--------+--------+-----+--------+
         Total |   2605 |   1479 |   1126 |    422 |      0 |   5 |  521.0 |
       Dungeon |   1912 |    786 |   1126 |    268 |      0 |   4 |  478.0 |
         Sewer |    692 |    692 |      0 |    154 |      0 |   1 |  692.0 |
               +--------+--------+--------+--------+--------+-----+--------+

Top non-repeatable levels by time:
     D:2: 796 daAuts
     D:1: 728 daAuts
   Sewer: 692 daAuts
     D:3: 346 daAuts
     D:4: 41 daAuts
